 Dungeon Crawl Stone Soup version 0.29-a0-577-gafbf2c5d25 (webtiles) character file.

Game seed: 9684895244431250075

86 DocClef the Sneak (level 4, -13/40 HPs)
             Began as a Draconian Delver on June 13, 2022.
             Mangled by an ogre
             ... wielding a +0 giant club
              (24 damage)
             ... on level 5 of the Dungeon.
             The game lasted 00:00:13 (46 turns).

DocClef the Sneak (Draconian Delver)                  Turns: 46, Time: 00:00:14

Health: -13/40     AC:  5    Str: 14    XL:     4   Next: 27%
Magic:  4/4        EV: 12    Int: 10    God:
Gold:   0          SH:  0    Dex: 15    Spells: 3/3 levels left

rFire   . . .      SeeInvis .   a - +0 short sword
rCold   . . .      Faith    .   (no shield)
rNeg    . . .      Spirit   .   (body armour unavailable)
rPois   .          Reflect  .   (helmet restricted)
rElec   .          Harm     .   (no cloak)
rCorr   .          Rampage  .   (no gloves)
Will    .....                   (no boots)
Stlth   +++.......              (no amulet)
HPRegen 0.13/turn               (no ring)
MPRegen 0.09/turn               (no ring)

@: no status effects
A: AC +5, unfitting armour, cold-blooded
a: no special abilities


You were on level 5 of the Dungeon.
You visited 1 branch of the dungeon, and saw 1 of its levels.

Inventory:

Hand Weapons
 a - a +0 short sword (weapon)
Wands
 f - a wand of digging (3)
Scrolls
 b - a scroll of fog
 c - a scroll of magic mapping
 d - a scroll of fear
Potions
 e - a potion of haste


   Skills:
 + Level 4.0 Fighting
 + Level 2.8 Short Blades
 + Level 2.5 Dodging
 + Level 5.0 Stealth


You had 3 spell levels left.
You didn't know any spells.
Your spell library was empty.

Dungeon Overview and Level Annotations

Branches:
Dungeon (5/15)
 Temple: D:4-7

Altars:
Zin


Innate Abilities, Weirdness & Mutations

Your plain brown scales are hard. (AC +5)
You cannot fit into any form of body armour.
You are cold-blooded and may be slowed by cold attacks.


Message History

Things that are here:
a +0 giant club; an ogre corpse 2 orcs come into view.
Found a glowing silver altar of Zin.
The ogre shouts!
The orc shouts! x2; You hear a shout! x2
You hit the orc.
The orc is almost dead.
Things that are here:
a +0 giant club; an ogre corpse You barely miss the orc.
You tail-slap the orc, but do no damage.
The orc is almost dead.
The orc hits you with a +0 mace. The ogre attacks as you move away!
The ogre barely misses you. The orc hits you with a +0 mace.
The orc attacks as you move away! The orc hits you but does no damage.
You closely miss the orc.
Your tail-slap misses the orc.
The orc is almost dead.
The orc hits you with a +0 mace.
You completely miss the orc.
The orc is almost dead.
The orc hits you but does no damage.
You hit the orc.
You kill the orc!
You barely miss the ogre.
An orc wizard comes into view. It is wielding a +0 dagger.
The ogre hits you with a +0 giant club!
The orc wizard shouts!
You hit the ogre.
The ogre is lightly wounded.
You barely miss the ogre.
The ogre is lightly wounded.
The ogre hits you with a +0 giant club!
* * * LOW HITPOINT WARNING * * *
You barely miss the ogre.
The ogre is lightly wounded.
An orc priest comes into view. It is wielding a +0 club.
The ogre hits you with a +0 giant club!!
Ouch! That really hurt!
You die...

### # . #.. .# ...
#..####.#oo..
#..........._
...##...o..#
........##.#
##.#.#####)##o#
.......@Oooo>.####.
...#.#####.#......$
#...........###
######....###
#.......# #.#..#..#
+.#.##..###
#.........#
#...###.#.###


You could see an ogre, an orc priest, an orc wizard and 2 orcs.

Vanquished Creatures
  An ogre (D:5)
  An orc (D:5)
2 creatures vanquished.

Notes
Turn   | Place    | Note
-------+----------+-------------------------------------------
     0 | D:5      | DocClef the Draconian Delver began the quest for the Orb.
     0 | D:5      | Reached XP level 1. HP: 19/19 MP: 1/1
    14 | D:5      | Noticed an ogre
    16 | D:5      | Noticed an ogre
    28 | D:5      | Killed an ogre
    29 | D:5      | Reached skill level 5 in Stealth
    29 | D:5      | Reached XP level 2. HP: 27/27 MP: 2/2
    29 | D:5      | Reached XP level 3. HP: 33/33 MP: 3/3
    29 | D:5      | Reached XP level 4. HP: 40/40 MP: 4/4
    31 | D:5      | Found a glowing silver altar of Zin.
    46 | D:5      | Mangled by an ogre

Illustrated notes

Levels and vault maps discovered:
D:5:      layout_basic, old_standard_altar

Skill      XL: |  1 |
---------------+----+-----
Fighting       | 4 |  4.0
Dodging        | 2 |  2.5
Stealth        | 5 |  5.0
Short Blades   | |  2.8

Action                   |  1- 3 |  4- 6 || total
-------------------------+-------+-------++-------
Melee: Short sword       |     8 |     9 ||    17
       Tailslap          |     1 |     1 ||     2
 Stab: Sleeping          |     1 |       ||     1
Armor: Skin              |       |     2 ||     2
Dodge: Dodged            |     5 |     1 ||     6

Table legend: (Time is in decaauts)
 A = Elapsed time spent in this place.
 B = Non-inter-level travel time spent in this place.
 C = Inter-level travel time spent in this place.
 D = Time resting spent in this place.
 E = Time spent auto-exploring this place.
 F = Levels seen in this place.
 G = Mean time per level.
                   A        B        C        D        E       F      G
               +--------+--------+--------+--------+--------+-----+--------+
         Total |     45 |     45 |      0 |      0 |     13 |   1 |   45.0 |
       Dungeon |     45 |     45 |      0 |      0 |     13 |   1 |   45.0 |
               +--------+--------+--------+--------+--------+-----+--------+

Top non-repeatable levels by time:
     D:5: 45 daAuts
